Map: Lightshade LE

Players

Scarlett - Winner!

  • Race: Zerg Zerg

Nina

  • Race: Protoss Protoss
  • League: Grandmaster

Event: DreamHack SC2 Masters 2021 Summer

VOD

Have the link to the VOD?

Description

Time

  • Played on: June 5, 2021, 3:29 p.m.
  • Length: 5:36

All games in this series

Show
View Real Time Build Order
Export as new Build Order

Scarlett Zerg - Winner!

Build Orders: Hatch First 

Get SALT Encoding   

  12  0:00  Drone  
  13  0:12  Overlord  
  13  0:16  Drone  
  14  0:30  Drone x2  
  16  0:47  Hatchery  
  15  0:51  Drone  
  15  0:54  Drone  
  17  0:59  Drone  
  18  1:09  Extractor  
  17  1:14  Spawning Pool  
  17  1:17  Drone  
  17  1:20  Drone  
  18  1:27  Drone  
  19  1:38  Drone  
  20  1:50  Drone  
  21  2:00  Queen x2  
  26  2:01  Zergling x2, Overlord  
  26  2:10  Drone  
  26  2:11  Drone  
  26  2:12  Metabolic Boost  
  28  2:21  Drone  
  28  2:22  Drone  
  30  2:34  Hatchery  
  29  2:39  Drone, Zergling x2  
  31  2:45  Queen  
  31  2:50  Overlord  
  33  2:53  Drone  
  33  2:55  Drone  
  33  2:57  Drone  
  36  3:09  Drone x5  
  41  3:16  Overlord  
  41  3:21  Queen  
  41  3:24  Zergling x2  
  43  3:34  Queen  
  43  3:39  Drone  
  45  3:41  Drone x5  
  45  3:44  Overlord  
  45  3:47  Drone x2  
  51  3:52  Queen  
  53  4:01  Drone x4  
  53  4:02  Overlord  
  57  4:05  Overlord  
  57  4:08  Zergling x2  
  58  4:10  Zergling x2  
  58  4:13  Spore Crawler  
  58  4:15  Spore Crawler  
  57  4:20  Zergling x6, Spore Crawler  
  57  4:23  Drone x2  
  60  4:32  Drone x4  
  60  4:34  Lair  
  60  4:37  Extractor  
  60  4:38  Extractor  
  62  4:42  Zergling x4  
  63  4:47  Zergling x8  
  66  4:54  Drone x4  
  64  5:01  Drone x2  
  64  5:04  Drone x4  
  70  5:10  Drone  
  70  5:13  Roach Warren  
  70  5:14  Drone x2  
  71  5:16  Drone x3  
  71  5:19  Drone x2  
  76  5:21  Evolution Chamber  
Show
View Real Time Build Order
Export as new Build Order

Nina Protoss 

Build Orders: 1 Gate Expand, Dark Templar Rush 

Get SALT Encoding   

  12  0:00  Probe  
  13  0:12  Probe  
  14  0:18  Pylon  
  14  0:25  Probe  
  15  0:37  Probe (Chrono Boost)  
  15  0:39  Gateway  
  16  0:46  Probe (Chrono Boost)  
  17  0:51  Probe (Chrono Boost), Assimilator  
  18  1:03  Probe  
  19  1:15  Probe  
  20  1:26  Nexus  
  20  1:36  Cybernetics Core  
  20  1:38  Probe  
  21  1:47  Assimilator  
  21  1:50  Probe  
  22  1:55  Pylon  
  22  2:02  Probe  
  23  2:10  Adept (Chrono Boost)  
  23  2:14  Warp Gate  
  23  2:15  Probe  
  26  2:27  Probe  
  27  2:33  Adept  
  27  2:34  Twilight Council  
  29  2:38  Probe (Chrono Boost)  
  29  2:39  Probe (Chrono Boost)  
  31  2:48  Probe x2 (Chrono Boost)  
  33  2:53  Probe (Chrono Boost)  
  33  2:55  Probe, Robotics Facility  
  35  3:04  Probe  
  36  3:07  Probe  
  37  3:15  Dark Shrine  
  37  3:16  Probe  
  37  3:19  Gateway  
  39  3:20  Probe  
  39  3:26  Adept  
  41  3:28  Probe  
  41  3:32  Probe  
  43  3:38  Warp Prism (Chrono Boost)  
  43  3:40  Probe  
  42  3:44  Probe, Pylon  
  43  3:49  Assimilator  
  43  3:52  Probe  
  44  3:56  Probe  
  44  3:58  Pylon  
  45  4:03  Adept  
  45  4:04  Probe  
  45  4:08  Probe  
  49  4:14  Adept  
  49  4:17  Probe  
  51  4:20  Probe  
  52  4:29  Probe  
  53  4:32  Probe, Dark Templar  
  53  4:34  Immortal (Chrono Boost)  
  53  4:35  Dark Templar  
  61  4:41  Probe  
  61  4:45  Nexus  
  62  4:52  Probe  
  59  4:54  Probe  
  57  5:04  Probe  
  57  5:06  Probe  
  57  5:11  Assimilator  
  59  5:14  Dark Templar  
  59  5:17  Pylon  
  59  5:21  Gateway  
Tags
 
Add a new tag
Caveats
  • Supply blocks, unpowered buildings, or Contaminate may cause inaccurate times.
  • Supply counts are checked every 10 seconds.